 Dungeon Crawl Stone Soup version 0.29.0-7-g18a832c13a (webtiles) character file.

Game seed: 10775295246422756043

357 Iusername the Slasher (level 6, -1/48 HPs)
             Began as a Human Fighter on Aug 30, 2022.
             Slain by an orc wizard
             ... wielding a +0 dagger
              (2 damage)
             ... on level 3 of the Dungeon.
             The game lasted 00:06:38 (2902 turns).

Iusername the Slasher (Human Fighter)               Turns: 2902, Time: 00:06:39

Health: -1/48      AC: 11    Str: 16    XL:     6   Next: 96%
Magic:  6/6        EV:  4    Int: 11    God:
Gold:   180        SH:  5    Dex: 18    Spells: 5/5 levels left

rFire   . . .      SeeInvis .   a - +0 long sword
rCold   . . .      Faith    .   c - +0 buckler
rNeg    . . .      Spirit   .   e - +0 plate armour
rPois   .          Reflect  .   (no helmet)
rElec   .          Harm     .   (no cloak)
rCorr   .          Rampage  .   (no gloves)
Will    .....                   (no boots)
Stlth   ..........              w - amulet of the acrobat
HPRegen 0.16/turn               q - +6 ring of dexterity
MPRegen 0.10/turn               (no ring)

@: attractive
A: no striking features
a: no special abilities


You were on level 3 of the Dungeon.
You visited 1 branch of the dungeon, and saw 3 of its levels.

You collected 180 gold pieces.

Inventory:

Hand Weapons
 a - a +0 long sword (weapon)
Armour
 c - a +0 buckler (worn)
 e - a +0 plate armour (worn)
 v - a +1 pair of boots
Jewellery
 h - an amulet of regeneration
 q - a +6 ring of dexterity (left hand)
 w - an amulet of the acrobat (around neck)
Wands
 r - a wand of iceblast (9)
Scrolls
 b - a scroll of amnesia {unknown}
 f - a scroll of enchant armour {unknown}
 g - 2 scrolls of teleportation {unknown}
 k - a scroll of blinking {unknown}
 m - a scroll of fog {unknown}
 n - a scroll of summoning {unknown}
 o - 2 scrolls of identify {unknown}
 p - 2 scrolls of silence {unknown}
 s - a scroll of noise {unknown}
 t - a scroll of fear {unknown}
 y - a scroll of vulnerability {unknown}
Potions
 d - a potion of might
 i - a potion of curing {unknown}
 j - a potion of attraction
 l - a potion of mutation {unknown}
 u - a potion of cancellation {unknown}
 x - a potion of experience {unknown}


   Skills:
 + Level 4.1 Fighting
 + Level 4.7 Long Blades
 + Level 4.1 Armour
 + Level 0.3 Dodging
 + Level 0.3 Stealth
 + Level 3.8 Shields


You had 5 spell levels left.
You didn't know any spells.
Your spell library contained the following spells:

 Spells                   Type           Power      Damage    Failure   Level
 Foxfire                  Conj/Fire      0%         2x1d4     100%        1
 Slow                     Hex            0%         N/A       100%        1
 Confusing Touch          Hex            0%         N/A       100%        3
 Vampiric Draining        Necr           0%         2d6       100%        3


Dungeon Overview and Level Annotations

Branches:
Dungeon (3/15)

Altars:

Shops:
D:2 ?


Message History

An orc wizard comes into view. It is wielding a +0 dagger.
An orc comes into view.
It is wielding a +0 war axe of electrocution.
The orc priest moves out of view.
The orc wizard shouts!
The orc wizard mumbles some strange words.
The orc wizard flickers and vanishes!
Deactivating autopickup; reactivate with Ctrl-A.
An orc priest comes into view. It is wielding a +0 mace.
The orc priest looks encouraged for a moment.
The orc barely misses you.
The orc priest looks braver for a moment.
You closely miss the orc. You block the orc's attack.
You hit the orc.
The orc is moderately wounded.
The orc priest calls down the wrath of Beogh upon you.
Beogh smites you! The orc hits you but does no damage.
The orc priest calls down the wrath of Beogh upon you.
Beogh smites you!
You slash the orc!
You kill the orc!
Something hits you but does no damage.
The orc priest mumbles some strange prayers to Beogh against you.
Beogh smites you!
* * * LOW HITPOINT WARNING * * *
You slash the orc!
You kill the orc!
Something hits you.
* * * LOW HITPOINT WARNING * * *
Something hits you.
* * * LOW HITPOINT WARNING * * *
You slash the orc priest!
The orc priest is heavily wounded.
The orc priest looks encouraged for a moment.
Something hits you.
* * * LOW HITPOINT WARNING * * *
The orc priest hits you but does no damage.
It was a potion of attraction.
You feel attractive to monsters. Something hits you.
You die...

#.# #.# #.# #.#
#.# #.#
..#####.####
.....o.o@..#
o######.##.#
##...#[# #......#
##...#.########
##.##........####
#.####.........#
#.# #.####.##.#
#.# #.# #.##.#


You could see 2 orc priests.

Vanquished Creatures
  Sigmund (D:2)
  An iguana (D:3)
  Jessica (D:2)
  Natasha (D:3)
  Robin (D:2)
  3 adders (D:2)
  An adder zombie (D:3)
  3 dart slugs
  2 orcs (D:3)
  6 ball pythons
  2 bats (D:3)
  5 endoplasms
  5 giant cockroaches
  5 hobgoblins
  8 jackals (D:1)
  A quokka (D:1)
  7 frilled lizards
  12 goblins
  5 kobolds
  A rat (D:3)
71 creatures vanquished.

Vanquished Creatures (others)
  3 withered plants (D:3)
3 creatures vanquished.

Grand Total: 74 creatures vanquished

Notes
Turn   | Place    | Note
-------+----------+-------------------------------------------
     0 | D:1      | Iusername the Human Fighter began the quest for the Orb.
     0 | D:1      | Reached XP level 1. HP: 18/18 MP: 1/1
    91 | D:1      | Reached XP level 2. HP: 23/24 MP: 2/2
   347 | D:1      | Reached XP level 3. HP: 21/29 MP: 3/3
   872 | D:2      | Noticed Jessica
   872 | D:2      | Found Erchay Finup's Magic Scroll Shop.
   883 | D:2      | Killed Jessica
   884 | D:2      | Reached XP level 4. HP: 36/36 MP: 4/4
   887 | D:2      | Noticed Robin
   923 | D:2      | Killed Robin
   938 | D:2      | Reached XP level 5. HP: 37/42 MP: 5/5
  1643 | D:2      | Found a faded altar of an unknown god.
  1646 | D:2      | Got Plato's Grimoire of Outbursts
  1723 | D:2      | Noticed Sigmund
  1739 | D:2      | Killed Sigmund
  1740 | D:2      | Reached XP level 6. HP: 31/48 MP: 6/6
  2022 | D:3      | Noticed Natasha
  2031 | D:3      | Killed Natasha
  2900 | D:3      | HP: 2/48 [something (1)]
  2902 | D:3      | Slain by an orc wizard

Illustrated notes

Levels and vault maps discovered:
D:1:      heliophobic_arrival_dark_side_of_the_moon, layout_loops_ring
D:2:      layout_loops_cross, shapermc_ecumenical_altar_rom_forum, serial_shops,
          nicolae_square_shop, uniq_sigmund, uniq_jessica, uniq_robin
D:3:      layout_loops_ring, serial_undead, serial_undead_a, serial_undead_d,
          serial_undead_a, serial_undead_c, minmay_pentangle, uniq_natasha

Skill      XL: |  1  2  3  4  5 |
---------------+----------------+-----
Long Blades    | 3 4 |  4.7
Fighting       | 4 |  4.1
Armour         | 4 |  4.1
Dodging        | |  0.3
Stealth        | |  0.3
Shields        | |  3.8

Action                   |  1- 3 |  4- 6 || total
-------------------------+-------+-------++-------
Melee: Long sword        |    90 |   152 ||   242
  Use: Potion            |       |     1 ||     1
Armor: Plate armour      |    81 |   116 ||   197
Dodge: Dodged            |    21 |    31 ||    52
Block: Buckler           |    29 |    35 ||    64
